Map: Neon Violet Square LE

Players

Fallenger - Winner!

  • Race: Zerg Zerg
  • League: Master
  • Spawn Location: 5:00

AlinaKeso

  • Race: Terran Terran
  • League: Master
  • Spawn Location: 11:00

VOD

Have the link to the VOD?

Description

Time

  • Played on: April 20, 2018, 5:43 a.m.
  • Length: 12:59
Show
View Real Time Build Order
Export as new Build Order

Fallenger Zerg - Winner!

Build Orders: Pool First 

Get SALT Encoding   

  12  0:01  Drone  
  13  0:13  Overlord  
  13  0:18  Drone  
  14  0:31  Drone x2  
  16  0:42  Spawning Pool  
  15  0:45  Drone  
  15  0:49  Drone  
  17  1:10  Hatchery  
  16  1:14  Drone  
  17  1:30  Zergling x4  
  17  1:31  Zergling x2  
  17  1:32  Queen  
  20  1:35  Extractor  
  21  1:43  Overlord  
  21  1:52  Drone  
  22  2:03  Drone  
  22  2:08  Queen  
  23  2:13  Drone  
  26  2:23  Queen  
  26  2:24  Drone  
  26  2:27  Drone  
  30  2:35  Drone x2  
  32  2:43  Metabolic Boost  
  32  2:44  Overlord  
  32  2:45  Drone  
  33  2:58  Drone x4  
  34  3:11  Hatchery  
  33  3:14  Drone  
  33  3:17  Drone  
  33  3:18  Drone  
  36  3:21  Drone  
  36  3:23  Drone  
  36  3:26  Drone  
  39  3:36  Drone x4  
  39  3:39  Drone  
  44  3:51  Overlord  
  44  3:53  Overlord  
  43  3:55  Zergling x2  
  43  3:56  Zergling x2  
  43  3:57  Extractor  
  43  3:59  Extractor  
  39  4:04  Zergling x8  
  43  4:10  Lair  
  43  4:14  Overlord  
  43  4:17  Drone  
  40  4:39  Drone x10  
  40  4:43  Evolution Chamber  
  40  4:45  Roach Warren  
  48  4:54  Drone x3  
  48  4:57  Overlord  
  51  5:06  Spore Crawler  
  50  5:07  Spore Crawler  
  50  5:13  Zerg Ground Armor Level 1  
  49  5:22  Queen  
  49  5:25  Roach x3  
  49  5:27  Glial Reconstitution  
  57  5:30  Roach x2  
  57  5:32  Spore Crawler  
  57  5:34  Roach  
  60  5:36  Roach x2  
  62  5:43  Roach x2  
  70  5:50  Roach x2  
  70  5:56  Roach x3  
  76  6:03  Roach x2  
  76  6:04  Roach  
  82  6:08  Overlord  
  82  6:11  Overlord  
  81  6:24  Overseer  
  79  6:30  Overlord  
  79  6:31  Drone x7  
  86  6:34  Drone x2  
  86  6:38  Drone x2  
  90  6:43  Overlord  
  90  6:50  Extractor, Overlord  
  90  6:51  Drone  
  90  6:52  Drone x3  
  87  7:11  Drone x12  
  91  7:17  Drone x3  
  91  7:20  Hydralisk Den  
  91  7:22  Drone x4  
  95  7:28  Drone x3  
  92  7:34  Extractor  
  92  7:35  Extractor  
  78  7:41  Zerg Missile Weapons Level 1  
  78  7:44  Evolution Chamber  
  78  7:45  Hatchery  
  78  7:51  Grooved Spines, Infestation Pit, Drone  
  75  7:56  Spore Crawler x2  
  75  7:57  Roach  
  75  7:58  Roach x3  
  82  7:59  Roach  
  82  8:00  Roach  
  82  8:02  Roach  
  88  8:10  Hydralisk x5  
  96  8:16  Zerg Ground Armor Level 2  
  96  8:21  Pneumatized Carapace  
  96  8:22  Hydralisk  
  98  8:28  Hydralisk x3  
  104  8:46  Hydralisk  
  104  8:47  Hydralisk x4  
  114  8:51  Overlord  
  114  8:55  Overlord x2  
  114  8:56  Overlord, Drone  
  114  8:57  Drone x5  
  114  9:02  Muscular Augments  
  118  9:15  Drone x9  
  118  9:16  Extractor x2, Drone x6  
  131  9:22  Hive  
  131  9:25  Hydralisk x2  
  131  9:27  Hydralisk  
  137  9:34  Overlord  
  135  9:47  Hydralisk  
  135  9:48  Hydralisk x7  
  133  10:09  Zerg Missile Weapons Level 2  
  133  10:18  Spine Crawler  
  133  10:19  Spine Crawler  
  133  10:20  Spine Crawler  
  130  10:24  Overlord  
  130  10:25  Hydralisk x11  
  130  10:27  Spine Crawler  
  151  10:30  Spine Crawler  
  151  10:31  Spire  
  151  10:34  Hatchery  
  148  10:40  Viper  
  151  10:43  Viper  
  151  10:45  Viper  
  151  10:48  Overlord x2  
  157  10:51  Zergling x2  
  157  10:52  Zergling x2  
  157  10:53  Zergling x2  
  160  11:02  Overlord x2  
  160  11:03  Overlord x2  
  160  11:06  Overlord  
  160  11:08  Hatchery  
  159  11:20  Overlord  
  158  11:31  Hydralisk x13  
  182  11:46  Spine Crawler  
  179  11:47  Drone x3  
  179  11:48  Drone x3  
  179  11:53  Hydralisk  
  179  11:54  Hydralisk x4  
  195  12:02  Hydralisk  
  195  12:03  Hydralisk  
  199  12:24  Extractor  
  199  12:25  Extractor  
  195  12:31  Unknown  
Show
View Real Time Build Order
Export as new Build Order

AlinaKeso Terran 

Build Orders: Reaper Expand, Hellion Banshee, Mech 

Get SALT Encoding   

  12  0:00  SCV  
  13  0:13  SCV  
  14  0:18  Supply Depot  
  14  0:25  SCV  
  15  0:30  Refinery  
  15  0:39  SCV  
  16  0:46  Barracks  
  16  0:51  SCV  
  17  1:03  SCV  
  18  1:16  SCV  
  19  1:33  Reaper  
  19  1:34  Orbital Command  
  20  1:47  Command Center  
  20  1:58  Factory  
  20  2:03  SCV  
  20  2:08  Barracks Reactor  
  21  2:14  Supply Depot  
  21  2:18  SCV  
  21  2:22  Refinery  
  22  2:30  SCV  
  22  2:42  SCV  
  22  2:57  SCV  
  18  3:04  Hellion  
  18  3:05  Hellion  
  21  3:07  Starport  
  21  3:12  SCV  
  22  3:15  Barracks Tech Lab  
  22  3:24  SCV  
  23  3:29  Hellion  
  25  3:36  Orbital Command, SCV  
  25  3:48  SCV  
  26  4:00  SCV  
  27  4:03  Hellion x2  
  27  4:04  SCV  
  32  4:11  Banshee  
  32  4:13  SCV  
  32  4:16  SCV  
  37  4:20  Cloaking Field  
  37  4:25  SCV  
  37  4:29  Hellion x2  
  40  4:43  SCV x2  
  38  4:54  Banshee  
  38  4:55  SCV  
  38  4:57  SCV  
  43  5:03  Command Center  
  43  5:07  SCV  
  43  5:09  SCV  
  45  5:18  Hellion x2  
  45  5:19  Supply Depot  
  49  5:22  SCV  
  49  5:25  Armory, SCV  
  51  5:34  SCV  
  52  5:38  SCV  
  52  5:41  Hellion x2  
  57  5:46  Refinery  
  60  5:50  Supply Depot  
  60  5:52  Viking  
  60  5:55  SCV  
  60  5:56  Refinery  
  60  5:58  SCV  
  61  6:06  Barracks Tech Lab  
  61  6:07  SCV  
  61  6:08  Factory  
  62  6:11  SCV  
  64  6:19  Hellion x2  
  64  6:21  Orbital Command  
  61  6:27  Banshee  
  61  6:31  SCV  
  63  6:39  Supply Depot  
  63  6:40  SCV  
  63  6:41  Supply Depot  
  64  6:59  Cyclone x2  
  62  7:02  Barracks Tech Lab, SCV  
  62  7:05  Factory  
  53  7:10  Siege Tank  
  53  7:11  Orbital Command, SCV  
  54  7:22  SCV  
  54  7:23  Supply Depot  
  53  7:33  Hellion x2  
  53  7:34  SCV  
  54  7:37  SCV  
  55  7:51  Orbital Command  
  55  7:54  SCV  
  55  7:57  SCV  
  57  8:04  Hellion x2, Thor  
  67  8:06  SCV  
  67  8:09  Terran Vehicle Weapons Level 1, SCV  
  69  8:18  SCV  
  69  8:19  Engineering Bay, SCV  
  71  8:21  Supply Depot, SCV  
  71  8:24  Starport Reactor  
  72  8:30  SCV  
  72  8:31  SCV  
  72  8:33  Supply Depot  
  74  8:34  Thor  
  74  8:38  Supply Depot  
  74  8:40  Supply Depot  
  77  8:42  SCV  
  77  8:44  Hellion x2  
  77  8:47  SCV  
  83  8:49  SCV  
  83  8:51  Siege Tank  
  87  8:57  Refinery  
  87  8:58  SCV  
  87  9:00  SCV  
  89  9:07  Refinery  
  89  9:09  SCV  
  90  9:10  SCV  
  90  9:11  Hellion  
  90  9:12  Hellion  
  90  9:13  Armory  
  90  9:14  SCV  
  96  9:20  Siege Tank  
  96  9:22  SCV  
  100  9:29  Supply Depot  
  100  9:30  Supply Depot  
  100  9:36  Command Center  
  100  9:37  Missile Turret, Siege Tank  
  103  9:39  SCV  
  104  9:47  SCV  
  105  9:58  Siege Tank  
  105  9:59  Hellion  
  107  10:06  SCV x2  
  101  10:09  Viking x2  
  101  10:10  Siege Tank  
  101  10:12  SCV  
  109  10:17  Factory  
  109  10:20  Factory  
  109  10:21  SCV  
  109  10:24  Hellion x2  
  114  10:28  Terran Vehicle Weapons Level 2  
  114  10:31  Terran Vehicle And Ship Armor Level 1  
  114  10:40  Supply Depot  
  114  10:46  Supply Depot  
  114  10:48  Siege Tank  
  117  10:50  Supply Depot  
  117  10:51  Supply Depot  
  117  10:53  Viking x2  
  117  10:55  Hellion  
  121  11:07  Hellion, Siege Tank  
  126  11:19  Hellion, Supply Depot  
  126  11:20  Siege Tank, SCV  
  126  11:23  SCV  
  133  11:29  Hellion, Factory Reactor, Factory Tech Lab, Refinery  
  135  11:34  Refinery  
  135  11:35  SCV  
  135  11:39  Hellion  
  136  11:41  Hellion  
  136  11:44  Viking  
  136  11:45  Viking  
  138  11:49  SCV x2  
  138  11:50  Hellion  
  138  11:52  Siege Tank  
  143  11:58  Orbital Command  
  143  12:01  Hellion, Siege Tank  
  148  12:09  Supply Depot, SCV  
  148  12:11  Supply Depot  
  148  12:14  Viking x2  
  148  12:15  Sensor Tower x2  
  153  12:19  Missile Turret  
  153  12:22  Siege Tank  
  156  12:23  Missile Turret, Hellion  
  156  12:24  Hellion, SCV  
  156  12:25  SCV  
  156  12:26  SCV  
  156  12:27  SCV  
  138  12:37  Hellion x2  
Tags
 
Add a new tag
Caveats
  • Supply blocks, unpowered buildings, or Contaminate may cause inaccurate times.
  • Supply counts are checked every 10 seconds.